AoeStats
← WASKA EN LA CARA

Arabia

508534089Analyzed
2v2 RM · 11d ago on Sep 22, 2026· 51m 14s· 4 players
Game mode
Random Map
Map size
Medium (4 player)
Population
200
Speed
Normal
Resources
Standard
Victory
Conquest
Starting age
Dark Age
Ending age
Imperial Age
RankedLock teamsTeams togetherTeam positionsShared explorationLock speedFull tech treeHidden civsTurbo modeCheats
Victory
Defeat
🇦🇷 Vikings · Argentina
1222
+19
🇦🇷 Varangians · Argentina
1217
+19
🇵🇪 Koreans · Peru
1321
-20
🇺🇸 Lithuanians · United States
1260
-18
percy_bysshe
7:15 Loom
10:01 Feudal Age
10:29 Man-at-Arms
31:41 Castle Age
30:08 Gold Mining
32:10 Crossbowman
47:49 Double-Bit Axe
Nobsniper
3:24 Loom
9:42 Feudal Age
13:52 Wheelbarrow
22:55 Castle Age
22:19 Double-Bit Axe
25:10 Town Watch
37:25 Pikeman
50:34 Imperial Age
50:05 Hand Cart
51:19 Scale Barding Armor
51:25 Forging
WASKA EN LA CARA
7:31 Loom
9:46 Feudal Age
24:01 Castle Age
23:33 Double-Bit Axe
24:55 Scale Barding Armor
33:01 Forging
33:30 Bloodlines
34:15 Husbandry
36:52 Forging
43:05 Fletching
CONCHA MÁGICA
6:03 Loom
9:13 Feudal Age
26:50 Castle Age
27:14 Scale Mail Armor
27:50 Forging
28:12 Squires
30:34 Chain Mail Armor
30:51 Arson
33:35 Iron Casting
32:50 Double-Bit Axe
33:07 Horse Collar
45:36 Town Watch
48:53 Imperial Age
46:47 Stone Mining
48:22 Heavy Plow
48:13 Gold Mining
50:09 Plate Mail Armor
48:59 Elite Varangian Guard
51:54 Blast Furnace
Connection lost

Rejoining the realm…

Still unreachable

The connection could not be restored.

Session expired

The server has moved on; the page needs a fresh start.